AoeStats
← BORN

Enclosed

504257560Analyzed
1v1 RM · 28d ago on Sep 4, 2026· 36m 34s· 2 players
Game mode
Random Map
Map size
Tiny (2 player)
Population
200
Speed
Normal
Resources
Standard
Victory
Conquest
Starting age
Dark Age
Ending age
Imperial Age
RankedLock teamsTeams togetherTeam positionsShared explorationLock speedFull tech treeHidden civsTurbo modeCheats
Victory
Defeat
🇪🇸 Franks · Spain
1019
+17
🇨🇦 Koreans · Canada
1035
-17
BORN
10:13 Feudal Age
13:03 Man-at-Arms
13:39 Loom
15:01 Forging
18:02 Castle Age
19:00 Double-Bit Axe
20:14 Double-Bit Axe
23:10 Wheelbarrow
23:33 Town Watch
26:15 Hand Cart
31:18 Imperial Age
30:47 Bow Saw
31:24 Ballistics
31:25 Gold Mining
33:01 Chemistry
34:06 Fletching
Lean
8:00 Loom
10:11 Feudal Age
10:54 Double-Bit Axe
18:20 Castle Age
18:02 Horse Collar
18:16 Gold Mining
19:09 Wheelbarrow
18:25 Stone Mining
18:41 Pikeman
19:22 Squires
19:38 Bow Saw
19:31 Heavy Plow
21:31 Hand Cart
23:09 Town Watch
24:43 Fletching
26:39 Ballistics
26:22 Scale Mail Armor
26:34 Forging
27:47 Gold Shaft Mining
27:43 Bodkin Arrow
28:34 Chain Mail Armor
33:19 Imperial Age
32:33 Iron Casting
33:22 Halberdier
35:14 Chemistry
37:00 Bracer
Connection lost

Rejoining the realm…

Still unreachable

The connection could not be restored.

Session expired

The server has moved on; the page needs a fresh start.